[Event "Titled Tuesday Blitz March 15 Early 2022"]
[White "Shimanov, Aleksandr"]
[Black "Tarhan, Adar"]
[WhiteFideId "4198603"]
[BlackFideId "34544712"]
[WhiteElo "2636"]
[BlackElo "1802"]
[Result "1-0"]
[Round "03"]
[TimeControl "180+1"]
[Date "2022.03.15"]
[WhiteClock "0:00:31"]
[BlackClock "0:01:12"]

1. e4 c6 2. Bc4 d5 3. Bb3 dxe4 4. Qh5 g6 5. Qh4 Nf6 6. Nc3 Bf5 7. f3 exf3 8. Nxf3 Bg7 9. d4 O-O 10. O-O Nbd7 11. Bh6 e6 12. Ng5 Nb6 13. Rad1 Nbd5 14. Nxd5 exd5 15. g4 Ne4 16. Bxg7 Nxg5 17. Qh6 Bxg4 18. Bf6 Qxf6 19. Rxf6 Ne4 20. Rdf1 Nxf6 21. Rxf6 Rfe8 22. c4 Re1+ 23. Rf1 Rae8 24. cxd5 cxd5 25. Bxd5 Rxf1+ 26. Kxf1 Rc8 27. Bb3 Re8 28. Qf4 Bf5 29. d5 Re4 30. Qb8+ Kg7 31. Qxb7 Rf4+ 32. Ke2 Re4+ 33. Kd2 Rd4+ 34. Kc3 Rd3+ 35. Kb4 Rd4+ 36. Kc5 Rd2 37. d6 Rxb2 38. Qxf7+ Kh6 39. d7 Rd2 40. Bd5 Rb2 41. d8=Q 1-0


[Site "https://www.chess.com"]

[Event "Titled Tuesday Blitz March 15 Early 2022"]
[White "Silva, Kaua Marques"]
[Black "Kosteniuk, Alexandra"]
[WhiteFideId "22701168"]
[BlackFideId "4128125"]
[WhiteElo "2071"]
[BlackElo "2469"]
[Result "0-1"]
[Round "03"]
[TimeControl "180+1"]
[Date "2022.03.15"]
[WhiteClock "0:00:38"]
[BlackClock "0:01:30"]

1. e4 c6 2. d4 d5 3. exd5 cxd5 4. c4 Nf6 5. Nc3 Nc6 6. Bg5 Be6 7. c5 g6 8. Bb5 Bg7 9. Nf3 O-O 10. O-O Ne4 11. Be3 h6 12. Re1 f5 13. Qa4 Qe8 14. Ne5 Bxe5 15. dxe5 Kh7 16. Rad1 a6 17. Bxc6 bxc6 18. f3 Nxc3 19. bxc3 g5 20. f4 Rg8 21. Rb1 d4 22. cxd4 Bd5 23. fxg5 hxg5 24. Bf2 f4 25. Rb7 Rg7 26. Qc2+ Kh6 27. Qd2 Qh5 28. h4 Qg4 29. hxg5+ Rxg5 30. g3 Qh3 0-1


[Site "https://www.chess.com"]

[Event "Titled Tuesday Blitz March 15 Early 2022"]
[White "Skliarov, Viktor"]
[Black "Chen, Justin"]
[WhiteFideId "14106736"]
[BlackFideId "2098199"]
[WhiteElo "2229"]
[BlackElo "2437"]
[Result "1-0"]
[Round "03"]
[TimeControl "180+1"]
[Date "2022.03.15"]
[WhiteClock "0:00:21"]
[BlackClock "0:00:01"]

1. e4 e6 2. d4 d5 3. e5 c5 4. c3 Qb6 5. Nf3 Nc6 6. a3 c4 7. Nbd2 Bd7 8. g3 Na5 9. h4 Ne7 10. Bh3 O-O-O 11. O-O h6 12. h5 Kb8 13. Nh4 Nc8 14. f4 Be7 15. Ndf3 f5 16. exf6 gxf6 17. Ng6 Rhg8 18. f5 e5 19. Be3 Qxb2 20. dxe5 Nb3 21. Rb1 Qxc3 22. Bf4 Ka8 23. Kh2 d4 24. Nxe7 Nxe7 25. exf6 Nd5 26. Be5 Ne3 27. Bxd4 Nxd1 28. Bxc3 Nxc3 29. Rbe1 Rgf8 30. Ne5 Bb5 31. f7 Nd5 32. Bg2 a6 33. a4 1-0


[Site "https://www.chess.com"]

[Event "Titled Tuesday Blitz March 15 Early 2022"]
[White "Sovetbekova, Nurai"]
[Black "Koellner, Ruben Gideon"]
[WhiteFideId "13801910"]
[BlackFideId "12993093"]
[WhiteElo "1538"]
[BlackElo "2422"]
[Result "0-1"]
[Round "03"]
[TimeControl "180+1"]
[Date "2022.03.15"]
[WhiteClock "0:00:03"]
[BlackClock "0:01:04"]

1. d4 d6 2. c4 e5 3. Nc3 exd4 4. Qxd4 Nc6 5. Qd2 g6 6. Nf3 Bh6 7. Qd1 Bg7 8. g3 Nf6 9. Bg2 O-O 10. O-O Bf5 11. h3 Re8 12. Be3 Ne4 13. Nxe4 Bxe4 14. Qb3 b6 15. Rad1 a5 16. Rd2 a4 17. Qd1 Qe7 18. Ne1 Nb4 19. a3 Nc6 20. Nd3 Bxg2 21. Kxg2 Qe4+ 22. Kh2 Qxc4 23. Rc2 Qb5 24. Qd2 Re7 25. Rfc1 Na5 26. Rxc7 Nb3 27. Rc8+ Re8 28. Rxe8+ Rxe8 29. Qb4 Qxb4 30. Nxb4 Nxc1 31. Bxc1 Rxe2 32. Nd3 Rc2 33. Kg2 Rxc1 34. Nxc1 Bxb2 35. Nd3 Bxa3 0-1


[Site "https://www.chess.com"]

[Event "Titled Tuesday Blitz March 15 Early 2022"]
[White "Szpar, Milosz"]
[Black "Shevchenko, Kirill"]
[WhiteFideId "1184989"]
[BlackFideId "14129574"]
[WhiteElo "2447"]
[BlackElo "2624"]
[Result "0-1"]
[Round "03"]
[TimeControl "180+1"]
[Date "2022.03.15"]
[WhiteClock "0:00:06"]
[BlackClock "0:00:26"]

1. e4 c5 2. Nf3 d6 3. c3 Nf6 4. h3 Bd7 5. Bd3 Bc6 6. Qe2 Nh5 7. Qe3 e5 8. Bc2 Nf4 9. O-O g6 10. d4 cxd4 11. cxd4 Bg7 12. Rd1 Qf6 13. dxe5 dxe5 14. Bd2 O-O 15. Bc3 Nd7 16. Nbd2 Bb5 17. Re1 Bh6 18. Kh2 Rac8 19. Qxa7 b6 20. Qa3 Rfd8 21. Qb4 Bd3 22. Bb3 Bf8 23. Qa4 Ra8 24. Qxa8 Rxa8 25. Rac1 Bc5 26. Re3 Re8 27. Rce1 Bxe3 28. Rxe3 Bb5 29. a4 Ba6 30. g3 Ne2 31. Bb4 Nd4 0-1


[Site "https://www.chess.com"]

[Event "Titled Tuesday Blitz March 15 Early 2022"]
[White "Tanenbaum, Zachary"]
[Black "Pourkashiyan, Atousa"]
[WhiteFideId "2060850"]
[BlackFideId "12502014"]
[WhiteElo "2168"]
[BlackElo "2247"]
[Result "1-0"]
[Round "03"]
[TimeControl "180+1"]
[Date "2022.03.15"]
[WhiteClock "0:00:11"]
[BlackClock "0:00:13"]

1. e4 e5 2. Nf3 Nf6 3. Nxe5 d6 4. Nf3 Nxe4 5. Nc3 Nxc3 6. dxc3 Be7 7. Bf4 Nd7 8. Qd2 Nc5 9. O-O-O O-O 10. Bd3 Nxd3+ 11. Qxd3 Be6 12. h4 Qd7 13. Ng5 Bf5 14. Qd2 h6 15. f3 Qa4 16. Kb1 Rfe8 17. g4 Be6 18. b3 Qa5 19. Ne4 d5 20. Ng3 Bf6 21. Ne2 Bd7 22. Be3 Bb5 23. Nd4 c5 24. Nxb5 Qxb5 25. g5 Bxc3 26. Qxc3 d4 27. Bxd4 cxd4 28. Qxd4 Rad8 29. Qxd8 Rxd8 30. Rxd8+ Kh7 31. gxh6 gxh6 32. Rhd1 Qh5 33. R1d3 Qxh4 34. R8d7 Qh1+ 35. Kb2 Kg6 36. Rxb7 a5 37. Rd6+ f6 38. Rbb6 Qxf3 39. Rxf6+ Qxf6+ 40. Rxf6+ Kxf6 41. Kc3 Kf5 42. Kd3 Kf4 43. Ke2 Ke4 44. Kf2 Kd4 45. c4 Kc5 46. Kg3 Kb4 47. Kh4 a4 48. Kh5 a3 49. Kxh6 Kc3 50. c5 Kb2 51. c6 Kxa2 52. c7 Kxb3 53. c8=Q a2 54. Qh8 Kc2 55. Qa1 1-0


[Site "https://www.chess.com"]

[Event "Titled Tuesday Blitz March 15 Early 2022"]
[White "Tari, Aryan"]
[Black "Khamzin, Olzhas"]
[WhiteFideId "1510045"]
[BlackFideId "13701690"]
[WhiteElo "2567"]
[BlackElo "2194"]
[Result "0-1"]
[Round "03"]
[TimeControl "180+1"]
[Date "2022.03.15"]
[WhiteClock "0:00:28"]
[BlackClock "0:00:15"]

1. d4 Nf6 2. Nf3 g6 3. Bg5 Bg7 4. Nbd2 O-O 5. e4 d6 6. c3 Bg4 7. Bd3 c5 8. d5 a6 9. a4 Nbd7 10. O-O Ne5 11. Be2 Nxf3+ 12. Bxf3 Bd7 13. a5 Bb5 14. Re1 h6 15. Bf4 g5 16. Bg3 Be8 17. Nc4 Nd7 18. h4 f6 19. Bg4 Bg6 20. Bxd7 Qxd7 21. Nb6 Qc7 22. Nxa8 Rxa8 23. f4 gxh4 24. Bxh4 c4 25. f5 Bf7 26. Re3 Kh7 27. Bf2 Rg8 28. Rg3 h5 29. Bd4 Bh6 30. Rxg8 Kxg8 31. Qe2 Be8 32. Kf2 Kh7 33. g4 h4 34. Rh1 Bg5 35. Be3 Kg7 36. Bxg5 fxg5 37. Qe3 Kf6 38. Qd4+ Kf7 39. Qh8 Qxa5 40. Qh5+ Kf8 41. Qh6+ Kf7 42. Qxg5 Qb6+ 43. Kf3 Qxb2 44. Qe3 Ba4 45. Rxh4 Bd1+ 46. Kg3 Ke8 47. f6 exf6 48. Rh8+ Kd7 49. Rh7+ Kc8 50. Qd4 Qe2 51. Qxf6 Qxg4+ 52. Kf2 Qe2+ 53. Kg1 Qe1+ 54. Qf1 Qg3+ 55. Qg2 Qe3+ 56. Kh2 Qf4+ 57. Qg3 Qxg3+ 58. Kxg3 Bc2 59. Kf4 a5 60. e5 Bxh7 61. e6 Kd8 62. Kg5 Ke7 0-1


[Site "https://www.chess.com"]

[Event "Titled Tuesday Blitz March 15 Early 2022"]
[White "Tay, Junior"]
[Black "Shkapenko, Pavel"]
[WhiteFideId "5800439"]
[BlackFideId "4151933"]
[WhiteElo "2216"]
[BlackElo "2386"]
[Result "1-0"]
[Round "03"]
[TimeControl "180+1"]
[Date "2022.03.15"]
[WhiteClock "0:00:32"]
[BlackClock "0:00:11"]

1. e4 e5 2. Nc3 Nc6 3. Bc4 Bb4 4. Qg4 g6 5. Qf3 Qf6 6. Nd5 Qxf3 7. Nxf3 Bd6 8. d3 Nce7 9. Ng5 Nxd5 10. Bxd5 Nh6 11. O-O f6 12. Nf3 Ng8 13. d4 Ne7 14. Bb3 exd4 15. Nxd4 Bc5 16. Nb5 Bb6 17. Bh6 d5 18. exd5 Nf5 19. Bf4 Kd8 20. Rfe1 Bd7 21. a4 a6 22. Nc3 Nd4 23. d6 Nxb3 24. cxb3 c6 25. Re7 a5 26. Rae1 g5 27. Bg3 Bd4 28. h4 h6 29. Rf7 Re8 30. Ree7 Rxe7 31. dxe7+ Ke8 32. Rf8+ Kxe7 33. Rxa8 f5 34. hxg5 hxg5 35. Bc7 Be6 36. Bxa5 Bxb3 37. Bb4+ Ke6 38. Rb8 c5 39. Ba5 g4 40. g3 f4 41. Bc7 fxg3 42. Bxg3 c4 43. Rxb7 Kf5 44. a5 1-0


[Site "https://www.chess.com"]

[Event "Titled Tuesday Blitz March 15 Early 2022"]
[White "Tomb, Maroun"]
[Black "Skuhala, Barbara"]
[WhiteFideId "5300398"]
[BlackFideId "14605465"]
[WhiteElo "2534"]
[BlackElo "2155"]
[Result "0-1"]
[Round "03"]
[TimeControl "180+1"]
[Date "2022.03.15"]
[WhiteClock "0:00:01"]
[BlackClock "0:01:57"]

1. d4 Nf6 2. Nc3 d5 3. Bg5 e6 4. e4 dxe4 5. Nxe4 Be7 6. Bxf6 Bxf6 7. Nf3 O-O 8. Bd3 b6 9. Qe2 Bb7 10. O-O-O Nd7 11. g4 Be7 12. h4 Rc8 13. Kb1 Qe8 14. Neg5 Nf6 15. Ne5 Bxh1 16. Rxh1 c5 17. dxc5 Rxc5 18. f4 Qc6 19. Re1 Qc7 20. Nexf7 Rxf7 21. Qxe6 Bf8 22. h5 Qd7 23. Qb3 Qd5 24. Qxd5 Nxd5 25. Bxh7+ Kh8 26. Nxf7+ Kxh7 27. g5 g6 28. hxg6+ Kxg6 29. Ne5+ Kf5 30. Nd3 Ra5 31. Re5+ Kg4 32. Re8 Be7 33. g6 Bf6 0-1


[Site "https://www.chess.com"]

[Event "Titled Tuesday Blitz March 15 Early 2022"]
[White "Tsatsalashvili, Keti"]
[Black "Horobetz, Graham"]
[WhiteFideId "13603434"]
[BlackFideId "2047322"]
[WhiteElo "2246"]
[BlackElo "2600"]
[Result "1/2-1/2"]
[Round "03"]
[TimeControl "180+1"]
[Date "2022.03.15"]
[WhiteClock "0:00:16"]
[BlackClock "0:00:11"]

1. d4 Nf6 2. c4 e6 3. Nf3 Bb4+ 4. Nbd2 d5 5. g3 O-O 6. Bg2 dxc4 7. Qc2 b5 8. O-O Nc6 9. a4 Bb7 10. axb5 Nxd4 11. Nxd4 Bxg2 12. Kxg2 Qxd4 13. Qxc4 Qd5+ 14. Qxd5 exd5 15. Nb3 Rfb8 16. Bf4 Rxb5 17. Bxc7 a5 18. Nd4 Rb7 19. Rfc1 h6 20. Be5 Nd7 21. Bf4 Bf8 22. Ra2 Nc5 23. Bd2 a4 24. Bc3 Rc8 25. Nf3 Nb3 26. Rd1 a3 27. Be5 Nc1 28. Ra1 axb2 29. Bxb2 Rxb2 30. Raxc1 Rxc1 31. Rxc1 Rxe2 32. Rd1 Bc5 33. Rxd5 Rxf2+ 34. Kh3 Rxf3 35. Rxc5 Rf2 36. g4 g6 37. Kg3 Rd2 38. h4 Kg7 39. h5 Rd6 40. hxg6 fxg6 41. Rb5 Kf6 42. Rc5 Re6 43. Rb5 Re5 44. Rb6+ Kg5 45. Rb3 Rd5 46. Rc3 Rb5 47. Rd3 Rb6 48. Rd5+ Kf6 49. Rc5 Re6 50. Rb5 Re5 51. Rb6+ Kg5 52. Rb3 Rc5 53. Rd3 Kf6 54. Rd6+ Kf7 55. Rd3 Re5 56. Rd6 Re6 57. Rd5 Kf6 58. Rd4 Re5 59. Rd6+ Kg7 60. Rd3 Rg5 61. Kh3 Kf6 62. Rd6+ Ke5 63. Ra6 Ke4 64. Ra4+ Ke5 65. Ra5+ Kf6 66. Ra6+ Ke7 67. Ra7+ Kd6 68. Ra6+ Kc7 69. Ra7+ Kb6 70. Rh7 h5 71. gxh5 Rxh5+ 72. Rxh5 gxh5 73. Kh4 Kc6 74. Kxh5 1/2-1/2


[Site "https://www.chess.com"]

[Event "Titled Tuesday Blitz March 15 Early 2022"]
[White "Wagh Suyog"]
[Black "Fiorito, Fabian"]
[WhiteFideId "25071688"]
[BlackFideId "100200"]
[WhiteElo "2181"]
[BlackElo "2395"]
[Result "1-0"]
[Round "03"]
[TimeControl "180+1"]
[Date "2022.03.15"]
[WhiteClock "0:00:30"]
[BlackClock "0:00:26"]

1. d4 d5 2. c4 c6 3. Nf3 Nf6 4. Nc3 e6 5. Bg5 Be7 6. e3 Nbd7 7. Bd3 h6 8. Bh4 dxc4 9. Bxc4 b5 10. Bd3 O-O 11. O-O Bb7 12. e4 b4 13. Ne2 c5 14. e5 Nd5 15. Bxe7 Qxe7 16. Rc1 Rac8 17. Qd2 N5b6 18. dxc5 Nxc5 19. Nfd4 Rfd8 20. Bb1 Ba6 21. Qxb4 Nd5 22. Qa3 Bxe2 23. Nxe2 Nb6 24. Rc2 Rd5 25. Qg3 Rcd8 26. Nc3 Rd3 27. Qf4 R8d4 28. Qc1 Qd7 29. Ne2 Rd1 30. Nxd4 Rxc1 31. Rfxc1 Qxd4 32. Rxc5 Qxb2 33. Rc8+ 1-0


[Site "https://www.chess.com"]

[Event "Titled Tuesday Blitz March 15 Early 2022"]
[White "Winkels, Marcel"]
[Black "Buscar, Michael"]
[WhiteFideId "1003887"]
[BlackFideId "2603616"]
[WhiteElo "1900"]
[BlackElo "2010"]
[Result "0-1"]
[Round "03"]
[TimeControl "180+1"]
[Date "2022.03.15"]
[WhiteClock "0:00:12"]
[BlackClock "0:00:56"]

1. e4 c5 2. Nf3 e6 3. d3 a6 4. g3 b5 5. Bg2 Bb7 6. O-O d6 7. a4 Nc6 8. axb5 axb5 9. Rxa8 Qxa8 10. Nbd2 Nge7 11. Re1 Ng6 12. h4 h5 13. Nf1 Be7 14. Bg5 Nd4 15. Bxe7 Kxe7 16. c3 Nxf3+ 17. Bxf3 Ne5 18. Bxh5 Nxd3 19. Qxd3 Rxh5 20. Rd1 Bxe4 21. Qxd6+ Kf6 22. Ne3 Bf3 23. Re1 Qe4 24. Kf1 g5 25. Qd8+ Kg7 26. Qd2 gxh4 27. Nc2 hxg3 28. fxg3 Rh1+ 29. Kf2 Rh2+ 30. Kf1 Rxd2 31. Rxe4 Bxe4 32. Ne3 Rxb2 33. g4 b4 34. cxb4 cxb4 35. Nc4 Bd3+ 0-1


[Site "https://www.chess.com"]

[Event "Titled Tuesday Blitz March 15 Early 2022"]
[White "Wong, Yinn Long"]
[Black "Gontcharov, Vladislav"]
[WhiteFideId "5707684"]
[BlackFideId "4123492"]
[WhiteElo "2055"]
[BlackElo "2503"]
[Result "1-0"]
[Round "03"]
[TimeControl "180+1"]
[Date "2022.03.15"]
[WhiteClock "0:00:09"]
[BlackClock "0:00:01"]

1. d4 Nf6 2. Bf4 c5 3. e3 d5 4. Nd2 Nc6 5. c3 e6 6. Ngf3 Bd6 7. Bg3 Qc7 8. dxc5 Bxg3 9. hxg3 O-O 10. Bd3 Ne7 11. b4 h6 12. Qe2 b6 13. Nb3 a5 14. Nfd2 Nd7 15. cxb6 Qxc3 16. bxa5 Ne5 17. Bb5 Rxa5 18. Rc1 Qb2 19. Rb1 Qxa2 20. Nxa5 Qxa5 21. O-O Qxb6 22. Nf3 Qd6 23. Nxe5 Qxe5 24. Bd3 Bd7 25. Qb2 Qg5 26. Qb4 Nc6 27. Qf4 Qe7 28. Bb5 e5 29. Qf3 e4 30. Qe2 Ne5 31. Bxd7 Qxd7 32. Qb5 Qe6 33. Qe2 Ng4 34. Rbe1 Re8 35. f3 exf3 36. Qxf3 Nf6 37. Qf5 Qb6 38. Rf3 Re4 39. Qc8+ Re8 40. Qc2 d4 41. Qd3 1-0


[Site "https://www.chess.com"]

[Event "Titled Tuesday Blitz March 15 Early 2022"]
[White "Xiong, Jeffery"]
[Black "Kamsky, Gata"]
[WhiteFideId "2047640"]
[BlackFideId "2000024"]
[WhiteElo "2727"]
[BlackElo "2645"]
[Result "1-0"]
[Round "03"]
[TimeControl "180+1"]
[Date "2022.03.15"]
[WhiteClock "0:00:45"]
[BlackClock "0:00:02"]

1. e4 e5 2. Nf3 Nc6 3. d4 exd4 4. Nxd4 Bc5 5. Nxc6 Qf6 6. Qf3 Qxf3 7. gxf3 bxc6 8. Nc3 d6 9. Rg1 g6 10. Bg5 f6 11. Be3 Bxe3 12. fxe3 Be6 13. Ne2 Ne7 14. h4 a5 15. Nf4 Bf7 16. O-O-O O-O 17. Bh3 Kh8 18. Be6 c5 19. Rg3 Nc6 20. Bxf7 Rxf7 21. Nd5 Nb4 22. Nc3 Re8 23. f4 f5 24. a3 Nc6 25. exf5 gxf5 26. Nd5 Rg8 27. Rg5 h6 28. Rxg8+ Kxg8 29. Rg1+ Kh7 30. Kd2 Nd8 31. h5 Ne6 32. Rg6 Nf8 33. Nf6+ Rxf6 34. Rxf6 Kg7 35. Rxf5 Nd7 36. e4 Nf6 37. Ke3 a4 38. Kf3 Ng8 39. e5 Ne7 40. Rf6 Nd5 41. Rg6+ 1-0


[Site "https://www.chess.com"]

[Event "Titled Tuesday Blitz March 15 Early 2022"]
[White "Yedidia, Daniel"]
[Black "Nenezic, Marko"]
[WhiteFideId "30905907"]
[BlackFideId "912123"]
[WhiteElo "2482"]
[BlackElo "2457"]
[Result "0-1"]
[Round "03"]
[TimeControl "180+1"]
[Date "2022.03.15"]
[WhiteClock "0:00:11"]
[BlackClock "0:00:24"]

1. d4 Nf6 2. c4 g6 3. Nc3 Bg7 4. e4 d6 5. Nf3 O-O 6. Be2 Nbd7 7. O-O e5 8. Be3 Qe7 9. d5 Ng4 10. Bg5 f6 11. Bh4 h5 12. Ne1 Nh6 13. f3 Nf7 14. Bf2 a5 15. Nd3 b6 16. a3 Nc5 17. b4 axb4 18. axb4 Rxa1 19. Qxa1 Nb3 20. Qa7 Nd4 21. Bxd4 exd4 22. Nb5 f5 23. Qxc7 Qg5 24. f4 Qf6 25. e5 dxe5 26. fxe5 Qg5 27. e6 Qe3+ 28. Rf2 Ne5 29. e7 Re8 30. Nxe5 Bxe5 31. Qc6 Kf7 32. Nd6+ Bxd6 33. Qxd6 d3 34. Bxd3 Qxd3 35. h3 Qe3 36. c5 bxc5 37. bxc5 Rxe7 38. Qd8 Ba6 39. Qa5 Bc4 40. Qd2 Qe1+ 41. Kh2 Qe5+ 42. Qf4 Bxd5 43. Qxe5 Rxe5 44. Rd2 Ke6 45. Kg3 Re4 46. Rc2 h4+ 47. Kf2 Rc4 48. Rxc4 Bxc4 49. Ke3 g5 50. Kd4 Bb5 51. Ke3 Bc6 52. Kf2 f4 53. g3 hxg3+ 54. Kg1 f3 55. h4 gxh4 56. Kh1 h3 57. Kg1 h2+ 58. Kh1 f2# 0-1


[Site "https://www.chess.com"]

[Event "Titled Tuesday Blitz March 15 Early 2022"]
[White "Zomorrodian, Eilia"]
[Black "Sanchez, Robert"]
[WhiteFideId "12551805"]
[BlackFideId "2034360"]
[WhiteElo "2098"]
[BlackElo "2272"]
[Result "0-1"]
[Round "03"]
[TimeControl "180+1"]
[Date "2022.03.15"]
[WhiteClock "0:00:12"]
[BlackClock "0:00:08"]

1. e4 e6 2. d4 d5 3. Nd2 Nf6 4. e5 Nfd7 5. Bd3 c5 6. c3 Nc6 7. Ne2 cxd4 8. cxd4 f6 9. exf6 Nxf6 10. O-O Bd6 11. Nf3 Qc7 12. Bg5 O-O 13. Bh4 Nh5 14. Bg3 Nxg3 15. hxg3 g6 16. Nc3 a6 17. Re1 Qg7 18. Bc2 Bd7 19. a3 Rac8 20. Rc1 Na5 21. Bb1 Nc4 22. Qe2 Rxf3 23. gxf3 Qxd4 24. f4 Nxa3 25. Rcd1 Qc4 26. Bd3 Qb3 27. Nxd5 exd5 28. bxa3 Re8 29. Qf3 Rxe1+ 30. Rxe1 Bc6 31. Qe2 Qc3 32. Qe6+ Kg7 33. f5 gxf5 34. Bxf5 Bc5 35. Qe5+ Qxe5 36. Rxe5 Bxa3 37. Re6 Bc5 38. Re1 a5 39. Be6 a4 40. Rd1 a3 41. Ra1 b5 42. Kf1 b4 43. Ke2 Kf6 44. Rc1 a2 45. Bf5 Bd4 46. Rc5 Bxc5 47. Bb1 a1=Q 48. Bd3 Ke5 49. Kf3 Kd4 50. Kg2 Kc3 51. Be2 Kd4 52. Bf3 Qb2 53. g4 Qd2 54. Kg3 Qc1 55. Bg2 b3 56. f3 b2 0-1


[Site "https://www.chess.com"]

[Event "Titled Tuesday Blitz March 15 Early 2022"]
[White "Alinasab, Mobina"]
[Black "Agibileg, Uurtsaikh"]
[WhiteFideId "12528897"]
[BlackFideId "4901606"]
[WhiteElo "2052"]
[BlackElo "2205"]
[Result "0-1"]
[Round "04"]
[TimeControl "180+1"]
[Date "2022.03.15"]
[WhiteClock "0:00:07"]
[BlackClock "0:00:13"]

1. e4 c5 2. Nf3 e6 3. d4 cxd4 4. Nxd4 Nc6 5. Nc3 Qc7 6. g3 a6 7. Bg2 d6 8. O-O Bd7 9. Re1 Be7 10. Nxc6 Bxc6 11. Ne2 Nf6 12. Nd4 Bd7 13. Qd3 O-O 14. c4 Rfc8 15. b3 b5 16. cxb5 axb5 17. Nxb5 Qc2 18. Qxc2 Rxc2 19. Nd4 Rcxa2 20. Rxa2 Rxa2 21. Re2 Ra1 22. Rc2 d5 23. exd5 Ba3 24. Ne2 exd5 25. Bf1 Bf8 26. Bb2 Re1 27. Bc3 Rb1 28. Rb2 Rd1 29. Rd2 Rxd2 30. Bxd2 Ne4 31. Be3 Nc5 32. Nd4 Ne4 33. f3 Nc3 34. Kf2 f6 35. Bd3 Kf7 36. Bd2 Na2 37. Ke3 Bc5 38. Bb1 Nb4 39. Bxb4 Bxb4 40. Bf5 Bxf5 41. Nxf5 Bc5+ 42. Kd3 g6 43. Nd4 Ke7 44. Kc3 Kd6 45. b4 Bb6 46. Kd3 Ke5 47. f4+ Kd6 48. h3 f5 49. g4 fxg4 50. hxg4 Bxd4 51. Kxd4 h5 52. gxh5 gxh5 53. f5 h4 54. f6 h3 55. f7 Ke7 56. b5 h2 57. b6 h1=Q 58. b7 Qb1 0-1


[Site "https://www.chess.com"]

[Event "Titled Tuesday Blitz March 15 Early 2022"]
[White "Andreikin, Dmitry"]
[Black "Shtyka, Sergey"]
[WhiteFideId "4158814"]
[BlackFideId "4138465"]
[WhiteElo "2736"]
[BlackElo "2014"]
[Result "1-0"]
[Round "04"]
[TimeControl "180+1"]
[Date "2022.03.15"]
[WhiteClock "0:01:03"]
[BlackClock "0:00:20"]

1. e4 c5 2. Nf3 Nc6 3. d4 cxd4 4. Nxd4 Nf6 5. Nc3 e5 6. Nde2 Be7 7. g3 O-O 8. Bg2 d6 9. O-O a6 10. h3 b5 11. g4 Bb7 12. Ng3 g6 13. Bh6 Re8 14. Qd2 Nd4 15. Rad1 Rc8 16. a3 a5 17. Nf5 b4 18. axb4 axb4 19. Nxe7+ Qxe7 20. Nd5 Nxd5 21. exd5 Rxc2 22. Qxb4 Ba6 23. Rfe1 Ne2+ 24. Kh2 Qc7 25. Qa4 Ra8 26. Ra1 f6 27. b4 Bb7 28. Qb5 Rb8 29. Rxe2 1-0


[Site "https://www.chess.com"]

[Event "Titled Tuesday Blitz March 15 Early 2022"]
[White "Aravindh, Chithambaram VR."]
[Black "Csonka, Balazs"]
[WhiteFideId "5072786"]
[BlackFideId "742910"]
[WhiteElo "2561"]
[BlackElo "2404"]
[Result "1-0"]
[Round "04"]
[TimeControl "180+1"]
[Date "2022.03.15"]
[WhiteClock "0:00:08"]
[BlackClock "0:00:04"]

1. b3 g6 2. Bb2 Nf6 3. Bxf6 exf6 4. c4 d5 5. cxd5 Qxd5 6. Nc3 Qa5 7. e3 Ba3 8. Nf3 Bb2 9. b4 Qh5 10. Nb5 Be5 11. d4 a6 12. dxe5 axb5 13. Bxb5+ c6 14. exf6 cxb5 15. Qd6 Nc6 16. Rc1 Qf5 17. Rxc6 Qb1+ 18. Ke2 Qxa2+ 19. Nd2 Qe6 20. Qxe6+ Bxe6 21. Rxe6+ fxe6 22. Rc1 Kd7 23. Ne4 Rhc8 24. Rd1+ Kc7 25. g4 Rd8 26. Rc1+ Kb6 27. g5 Ra4 28. Nc5 Rxb4 29. Nxe6 Rb2+ 30. Kf3 Rdd2 31. Rf1 Rd7 32. e4 Ra2 33. e5 b4 34. Nf4 b3 35. e6 Rd8 36. e7 Rc8 37. f7 1-0


[Site "https://www.chess.com"]

[Event "Titled Tuesday Blitz March 15 Early 2022"]
[White "Babazada, Khazar"]
[Black "Niemann, Hans Moke"]
[WhiteFideId "13413554"]
[BlackFideId "2093596"]
[WhiteElo "2418"]
[BlackElo "2632"]
[Result "0-1"]
[Round "04"]
[TimeControl "180+1"]
[Date "2022.03.15"]
[WhiteClock "0:00:23"]
[BlackClock "0:00:47"]

1. Nf3 c5 2. g3 Nc6 3. Bg2 e5 4. O-O d5 5. c4 d4 6. e3 e4 7. Ne1 Nf6 8. d3 Bg4 9. Qb3 Qd7 10. dxe4 Be2 11. e5 Ng4 12. e6 fxe6 13. h3 Nf6 14. Na3 Be7 15. exd4 Nxd4 16. Qxb7 Qxb7 17. Bxb7 Rb8 18. Bg2 O-O 19. b3 Rfd8 20. Be3 Rb6 21. Nec2 Bxf1 22. Kxf1 e5 23. Ke1 Rbd6 24. Bxd4 exd4 25. Kd2 a6 26. Re1 Kf7 27. Kd3 Re6 28. Rxe6 Kxe6 29. Nb1 Nd7 30. Bd5+ Kf6 31. f4 g5 32. Nd2 gxf4 33. gxf4 Bd6 34. Ne4+ Ke7 35. f5 Bf4 36. b4 Ne5+ 0-1


[Site "https://www.chess.com"]

[Event "Titled Tuesday Blitz March 15 Early 2022"]
[White "Baches Garcia, Guillermo"]
[Black "Hernandez Jimenez, Alexander Andres"]
[WhiteFideId "2209764"]
[BlackFideId "3900452"]
[WhiteElo "2430"]
[BlackElo "2082"]
[Result "1/2-1/2"]
[Round "04"]
[TimeControl "180+1"]
[Date "2022.03.15"]
[WhiteClock "0:00:12"]
[BlackClock "0:00:03"]

1. e4 c5 2. Nf3 d6 3. d4 cxd4 4. Qxd4 Nc6 5. Bb5 Bd7 6. Qd3 Nf6 7. c4 e6 8. Nc3 Be7 9. Bf4 a6 10. Ba4 Nb4 11. Bxd7+ Qxd7 12. Qe2 Rc8 13. O-O O-O 14. Rac1 Qc7 15. b3 Rfd8 16. Rfd1 Nc6 17. Nd5 exd5 18. cxd5 Qd7 19. dxc6 Rxc6 20. Nd4 Rxc1 21. Bxc1 Bf8 22. Bb2 Re8 23. f3 d5 24. e5 Bc5 25. Kh1 Nh5 26. Qe3 g6 27. Re1 Ng7 28. Qd3 Ne6 29. Ne2 d4 30. f4 Qd5 31. Rf1 Ng7 32. Ng3 Rd8 33. Ne4 Ne8 34. h3 Be7 35. Rd1 f5 36. Nd2 Bc5 37. Nf3 Nc7 38. Ng5 h6 39. Nf3 Ne6 40. Qd2 Qe4 41. Bc1 d3 42. Re1 Qd5 43. Bb2 Bd4 44. Nxd4 Nxd4 45. Bxd4 Qxd4 46. e6 Re8 47. Re5 Qd6 48. e7 Rxe7 49. Rxe7 Qxe7 50. Qxd3 Qe1+ 51. Kh2 Qe4 52. Qd6 Kg7 53. b4 b5 54. a3 h5 55. Qc7+ Kh6 56. Qd6 h4 57. Qf8+ Kh7 58. Qf7+ Kh6 59. Qf8+ Kh7 60. Qf7+ Kh6 61. Qc7 Qe3 62. Qb8 Qg3+ 63. Kh1 Qe1+ 64. Kh2 Qg3+ 65. Kh1 Qe1+ 66. Kh2 Qg3+ 1/2-1/2


[Site "https://www.chess.com"]

[Event "Titled Tuesday Blitz March 15 Early 2022"]
[White "Bettalli, Francesco"]
[Black "Royal, Shreyas"]
[WhiteFideId "2816453"]
[BlackFideId "448869"]
[WhiteElo "2216"]
[BlackElo "1986"]
[Result "1-0"]
[Round "04"]
[TimeControl "180+1"]
[Date "2022.03.15"]
[WhiteClock "0:01:05"]
[BlackClock "0:00:21"]

1. Nf3 d5 2. d4 Nf6 3. Nc3 g6 4. Bf4 Bg7 5. Qd2 O-O 6. O-O-O c5 7. dxc5 Qa5 8. Nxd5 Qxa2 9. Nxe7+ Kh8 10. Qd4 Nc6 11. Nxc6 bxc6 12. Be5 Nh5 13. Bxg7+ Nxg7 14. Ng5 h6 15. Ne4 Bf5 16. Nd6 Rad8 17. e4 Bxe4 18. Qxe4 Qa1+ 19. Kd2 Qxb2 20. Bd3 Qa3 21. Qd4 Qa5+ 22. c3 Qa2+ 23. Ke1 Rfe8+ 24. Kf1 Re7 25. Bc4 Qc2 26. Nxf7+ Kh7 27. Qxd8 Ne8 1-0


[Site "https://www.chess.com"]

[Event "Titled Tuesday Blitz March 15 Early 2022"]
[White "Bintang, Rasyid A. Hidayat"]
[Black "Rosen, Eric"]
[WhiteFideId "7105355"]
[BlackFideId "2032562"]
[WhiteElo "2352"]
[BlackElo "2362"]
[Result "0-1"]
[Round "04"]
[TimeControl "180+1"]
[Date "2022.03.15"]
[WhiteClock "0:00:09"]
[BlackClock "0:00:12"]

1. d4 d5 2. Bf4 Nf6 3. e3 c5 4. Nc3 a6 5. Nf3 e6 6. Ne5 Be7 7. Be2 b5 8. O-O Bb7 9. a4 b4 10. Nb1 Nbd7 11. Nd2 Nxe5 12. Bxe5 O-O 13. c3 a5 14. Nf3 Nd7 15. Bg3 Qb6 16. Rb1 b3 17. c4 cxd4 18. Nxd4 Rac8 19. cxd5 Bxd5 20. Bb5 Nc5 21. Qe2 Rfd8 22. Rfc1 Bf6 23. Rc3 Ne4 24. Rxc8 Rxc8 25. Bd3 Nxg3 26. hxg3 Bxd4 27. exd4 Qxd4 28. Rd1 Qxa4 29. Ba6 Rc2 30. Qe5 Qb4 31. Bd3 Rc8 32. f4 Qc5+ 33. Kh2 Qf2 34. Be4 Bxe4 35. Qxe4 Qxb2 36. Qb7 Qc3 37. Rd3 Qc4 38. Rxb3 h6 39. Ra3 a4 40. Qa6 Qxa6 0-1


[Site "https://www.chess.com"]